AoeStats
← 大草原畜牧

Arena

508153929Analyzed
4v4 RM · 12d ago on Sep 21, 2026· 40m 31s· 8 players
Game mode
Random Map
Map size
Large (8 player)
Population
200
Speed
Normal
Resources
Standard
Victory
Conquest
Starting age
Dark Age
Ending age
Imperial Age
RankedLock teamsTeams togetherTeam positionsShared explorationLock speedFull tech treeHidden civsTurbo modeCheats
Victory
Defeat
🇲🇽 Teutons · Mexico
1054
+15
🇨🇳 Bulgarians · China
1019
+16
🇨🇳 Franks · China
1007
+17
🇺🇸 Wu · United States
994
+17
🇦🇷 Poles · Argentina
1045
-50
🇺🇸 Cumans · United States
1036
-17
🇦🇷 Bohemians · Argentina
1012
-16
🇨🇦 Khmer · Canada
999
-15
Fran Miami
12:49 Feudal Age
12:17 Loom
19:03 Castle Age
17:37 Horse Collar
17:49 Loom
26:16 Heavy Plow
29:09 Pikeman
29:50 Squires
29:39 Arson
30:07 Double-Bit Axe
31:40 Gold Mining
GUASON_
LordWhile
4:16 Loom
13:08 Feudal Age
16:59 Castle Age
15:21 Double-Bit Axe
16:21 Gold Mining
16:15 Horse Collar
17:03 Stone Mining
23:01 Bow Saw
24:18 Wheelbarrow
27:22 Heavy Plow
28:28 Bloodlines
SensePad
11:40 Feudal Age
15:27 Castle Age
14:20 Double-Bit Axe
14:25 Horse Collar
14:53 Loom
15:02 Gold Mining
15:49 Scale Mail Armor
19:05 Loom
24:11 Fletching
24:22 Padded Archer Armor
25:27 Bodkin Arrow
26:18 Leather Archer Armor
27:08 Forging
26:53 Crossbowman
31:14 Ballistics
31:18 Bow Saw
35:36 Imperial Age
32:54 Loom
34:21 Thumb Ring
36:25 Bracer
36:28 Arbalester
37:46 Arbalester
Jum
10:08 Feudal Age
10:52 Double-Bit Axe
12:27 Horse Collar
18:22 Castle Age
17:29 Stone Mining
18:01 Scale Mail Armor
19:33 Bow Saw
18:55 Pikeman
20:58 Heavy Plow
23:55 Gold Mining
25:35 Wheelbarrow
26:36 Fletching
26:47 Padded Archer Armor
27:17 Hand Cart
27:50 Bodkin Arrow
28:30 Loom
29:40 Red Cliffs Tactics
33:19 Imperial Age
31:37 Ballistics
31:28 Masonry
32:02 Gold Shaft Mining
32:47 Leather Archer Armor
32:37 Town Watch
33:34 Elite Fire Archer
34:29 Bracer
35:32 Chemistry
35:41 Two-Man Saw
37:32 Conscription
39:12 Architecture
Gustatro
8:52 Loom
11:36 Feudal Age
17:25 Castle Age
16:20 Fletching
16:53 Stone Mining
18:43 Bodkin Arrow
24:54 Scale Mail Armor
25:50 Horse Collar
29:00 Forging
31:21 Double-Bit Axe
35:48 Wheelbarrow
35:52 Iron Casting
35:24 Gold Mining
39:26 Imperial Age
38:36 Hand Cart
38:07 Town Watch
38:37 Bow Saw
40:32 Crenellations
大草原畜牧
10:37 Feudal Age
14:47 Castle Age
13:00 Double-Bit Axe
17:26 Bow Saw
21:56 Wheelbarrow
25:04 Hand Cart
25:01 Gold Mining
25:33 Hand Cart
26:52 Gold Shaft Mining
28:52 Imperial Age
26:53 Loom
27:16 Scale Barding Armor
27:21 Forging
27:33 Stone Mining
27:57 Husbandry
29:53 Chain Barding Armor
30:08 Iron Casting
28:55 Cavalier
30:52 Chemistry
30:49 Plate Barding Armor
30:35 Paladin
32:00 Town Watch
33:33 Blast Furnace
33:18 Conscription
36:26 Siege Engineers
36:32 Masonry
39:28 Chivalry
39:33 Scale Mail Armor
39:56 Ballistics
菜鸡请别打
10:54 Feudal Age
12:38 Double-Bit Axe
15:45 Castle Age
14:33 Loom
15:33 Horse Collar
16:55 Bow Saw
24:44 Heavy Plow
25:36 Wheelbarrow
24:46 Town Watch
28:04 Hand Cart
32:06 Imperial Age
30:32 Squires
29:57 Pikeman
31:04 Ballistics
32:01 Gold Mining
32:06 Stone Mining
32:09 Fletching
32:20 Padded Archer Armor
32:31 Forging
32:23 Scale Mail Armor
32:46 Thumb Ring
33:39 Crop Rotation
34:17 Chemistry
33:42 Conscription
34:07 Gold Shaft Mining
34:10 Stone Shaft Mining
33:32 Bodkin Arrow
33:53 Leather Archer Armor
34:14 Iron Casting
34:52 Elite Konnik
35:29 Stirrups
36:12 Masonry
36:11 Scale Barding Armor
37:07 Blast Furnace
36:08 Bracer
38:10 Bloodlines
38:04 Husbandry
40:03 Chain Barding Armor
Connection lost

Rejoining the realm…

Still unreachable

The connection could not be restored.

Session expired

The server has moved on; the page needs a fresh start.